 Dungeon Crawl Stone Soup version 0.22-a0-293-gc9362ec4a2 (webtiles) character file.

72597 MirrMurr the Markscentaur (level 15, -4/201 HPs)
             Began as a Centaur Berserker on Mar 24, 2018.
             Was a High Priest of Trog.
             Slain by a troll (6 damage)
             ... on level 1 of the Orcish Mines.
             The game lasted 01:07:11 (27270 turns).

MirrMurr the Markscentaur (Centaur Berserker)      Turns: 27270, Time: 01:07:13

Health: -4/201     AC: 19    Str: 24    XL:     15   Next: 1%
Magic:  0/15       EV:  7    Int:  6    God:    Trog [*****.]
Gold:   1829       SH:  0    Dex: 14    Spells: 14/14 levels left

rFire    + . .     SeeInvis .   b - +0 bardiche (venom)
rCold    . . .     Gourm    .   (shield currently unavailable)
rNeg     . . .     Faith    .   s - +1 chain mail {rF+}
rPois    +         Spirit   +   I - +0 helmet
rElec    +         Reflect  .   f - +1 cloak
rCorr    .         Harm     .   (no gloves)
MR       +....                  O - +4 centaur barding
Stlth    ..........             M - amulet of guardian spirit
HPRegen  0.43/turn              H - ring of Xom's Castigation {rElec rPois Str-5 Dex+3 Stlth+}
MPRegen  0.14/turn              v - +2 ring of slaying

@: berserking, studying Bows, very quick
A: large, hooves 3, deformed body, speed 2, tough skin 3
a: Berserk, Trog's Hand, Brothers in Arms, Renounce Religion


You were on level 1 of the Orcish Mines.
You worshipped Trog.
Trog was extremely pleased with you.
You were very hungry.

You visited 4 branches of the dungeon, and saw 24 of its levels.
You also visited: Sewer.

You collected 5773 gold pieces.
You spent 3944 gold pieces at shops.

Inventory:

Hand Weapons
 a - a +6 longbow of flaming
 b - a +0 bardiche of venom (weapon)
 w - the +5 longbow of the Pyrrhic Victory {freeze, rC++ Dex+3}
   (Trog gifted it to you on level 15 of the Dungeon)

   It causes projectiles fired from it to freeze those they strike, causing
   extra injury to most foes and up to half again as much damage against
   particularly susceptible opponents.
   They can also slow down cold-blooded creatures.
   It affects your dexterity (+3).
   It greatly protects you from cold.
 S - a +0 blowgun
Missiles
 e - 598 stones (quivered)
 l - 95 poisoned needles
 n - 612 arrows
 K - 4 throwing nets {!f}
Armour
 f - a +1 cloak (worn)
 s - a +1 chain mail of fire resistance (worn)
 I - a +0 helmet (worn)
 O - a +4 centaur barding (worn)
Jewellery
 v - a +2 ring of slaying (right hand)
 H - the ring of Xom's Castigation (left hand) {rElec rPois Str-5 Dex+3 Stlth+}
   (You found it on level 3 of the Lair of Beasts)

   [ring of stealth]

   It affects your strength (-5).
   It affects your dexterity (+3).
   It insulates you from electricity.
   It protects you from poison.
   It makes you more stealthy.
 M - an amulet of guardian spirit (around neck)
 P - an uncursed ring of ice
 Q - an uncursed ring of fire
 V - an uncursed ring of positive energy
Wands
 E - a wand of acid (4)
 J - a wand of paralysis (24)
 L - a wand of digging (16)
 T - a wand of iceblast (9)
Scrolls
 m - 5 scrolls of blinking
 r - 9 scrolls of remove curse
 u - 6 scrolls of fear
 B - 3 scrolls of magic mapping
 C - 7 scrolls of fog
 D - 8 scrolls of teleportation
 F - a scroll of immolation
 W - a scroll of silence {unknown}
 X - a scroll of identify
Potions
 d - 2 potions of cancellation
 h - 4 potions of mutation
 i - a potion of flight
 j - 14 potions of curing
 k - 4 potions of might
 t - 7 potions of heal wounds
 x - a potion of haste
 y - 2 potions of ambrosia
 z - 4 potions of lignification
 A - 4 potions of agility
 N - a potion of resistance
Books
 o - a manual of Bows
Comestibles
 c - 31 rations


   Skills:
 - Level 12.3 Fighting
 + Level 14.4 Polearms
 + Level 20.7 Bows
 - Level 1.3 Armour
 + Level 6.4 Dodging


You had 14 spell levels left.
You didn't know any spells.

Dungeon Overview and Level Annotations

Branches:
Dungeon (15/15)            Temple (1/1) D:4            Lair (6/6) D:10
  Swamp (0/4) Lair:3        Snake (0/4) Lair:3        Slime (0/5) Lair:6
    Orc (2/2) D:10         Vaults (0/5) D:14         Depths (0/5) D:15
    Elf: Orc:2

Altars:
Gozag
Hepliaklqana
Makhleb
Sif Muna
Trog
Xom
Jiyva

Shops:
D:10 *   D:12 ?   D:15 *


Innate Abilities, Weirdness & Mutations

You have hooves in place of feet.
Armour fits poorly on your strangely shaped body.
You cover ground very quickly.
You have extremely tough skin. (AC +3)


Message History

The troll is lightly wounded.
Your ogre hits the orc with a giant spiked club!!!
The orc dies!
Trog accepts your kill. The orc wizard barely misses you.
The orc hits you but does no damage. The orc warrior barely misses you.
The troll bites you but does no damage. The troll completely misses you.
The troll claws you but does no damage.
Your chain mail prevents you from hitting the troll.
You kick the troll.
The troll is moderately wounded.
The orc wizard hits you but does no damage.
The orc hits you but does no damage. The orc hits your ogre with a war axe.
The orc hits you with a hand axe.
* * * LOW HITPOINT WARNING * * *
The orc hits your ogre with a hand axe.
Your ogre hits the orc with a giant spiked club!
The orc dies!
Trog accepts your kill. The troll bites you.
You die...

.#...# #.#.
.### ........#
..... ...
........# .
......#.## ...
.......)o#.....
......O@T)....(
..$...o)o......
.#.............
#...........##
....$.........#
.............##
..............#
.##..#.......##
#


You could see a troll, an orc warrior, an orc wizard, an orc and a friendly ogre
(berserk).

Vanquished Creatures
  A fire giant (D:15)
  Nessos (Lair:5)
  Snorg (D:14)
  Josephine (Lair:6)
  2 fire dragons
  The ghost of ciphuk the Nimble, a journeyman KoHu of Dithmenos (Lair:3)
  4 hydras
  An ice dragon (D:13)
  4 centaur warriors
  Erica (D:9)
  A death knight (D:15)
  4 two-headed ogres
  4 death yaks
  5 skeletal warriors (D:15)
  The ghost of Execuda the Spear-Bearer, a novice MiMo of Hepliaklqana (D:8)
  A wizard (D:14)
  A lindwurm (Lair:6)
  The ghost of Execuda the Cleaver, a novice MiAK of Lugonu (D:6)
  Pikel (D:9)
  3 orc knights
  A phantasmal warrior (D:13)
  A wolf spider (Lair:2)
  2 manticores
  3 deep elf magi (D:14)
  3 oklob plants
  2 cyclopes
  An ugly thing (D:12)
  4 centaur zombies
  Maurice (D:13)
  6 black mambas
  2 molten gargoyles (Lair:6)
  An orange demon (D:14)
  2 gargoyles
  Psyche (D:12)
  9 spiny frogs
  A rime drake (Lair:1)
  A redback zombie (D:15)
  An efreet (D:15)
  16 komodo dragons
  A red devil (D:14)
  A polar bear (Lair:6)
  4 tyrant leeches (Lair:3)
  A troll (D:5)
  2 slime creatures (D:13)
  17 blink frogs
  11 hippogriffs
  Sigmund (D:2)
  5 wraiths (Lair:6)
  11 basilisks
  20 yaks
  The ghost of MirrMurr the Poker, an amateur CeBe of Trog (D:3)
  6 wyverns
  Grum (D:10)
  Eustachio (D:4)
  A hungry ghost (D:9)
  6 vampire mosquitoes (D:14)
  Menkaure (D:4)
  2 swamp worms (Lair:3)
  Edmund (D:4)
  4 hell hounds (Lair:6)
  4 nagas (Lair:3)
  2 wargs
  5 water moccasins
  2 acid dragons (D:13)
  2 porcupines
  6 black bears
  4 ice beasts
  A sky beast (D:13)
  9 orc warriors
  A black bear (shapeshifter) (D:15)
  2 eyes of draining
  8 ogres
  4 slaves (D:9)
  A phantom (D:12)
  A boggart (D:14)
  A necrophage (D:9)
  2 wolves (D:10)
  13 centaurs
  8 crocodiles
  14 big kobolds
  13 bullfrogs
  A wyvern zombie (D:12)
  A wyvern skeleton (D:13)
  5 scorpions
  A water moccasin skeleton (D:6)
  16 killer bees
  9 wights (D:6)
  7 howler monkeys
  4 electric eels
  5 crimson imps
  A bullfrog zombie (D:13)
  5 lava snakes (Lair:6)
  A quasit (D:9)
  2 jellies
  4 orc priests
  7 hounds
  3 bullfrog skeletons
  5 centaur skeletons
  7 iron imps (D:14)
  Jessica (D:2)
  3 iguanas
  9 orc wizards
  12 worker ants
  Natasha (thrice) (D:4)
  A killer bee zombie (D:4)
  2 hound skeletons (D:7)
  A worker ant zombie (D:9)
  10 gnolls
  28 adders
  6 river rats (D:3)
  6 shadow imps
  2 oozes
  4 worms
  2 dart slugs
  8 leopard geckos
  51 orcs
  11 giant cockroaches
  9 goblins
  3 hobgoblins
  6 jackals
  14 kobolds
  4 quokkas
  4 ball pythons (Sewer)
  6 bats
  7 frilled lizards
  2 jackal skeletons (D:4)
  15 rats
  A fungus (Lair:2)
  4 plants
617 creatures vanquished.

Vanquished Creatures (collateral kills)
  An ogre mage (D:14)
  A hydra (Lair:5)
  A two-headed ogre (D:14)
  A death yak (Lair:5)
  A deep elf archer (D:14)
  A kobold demonologist (D:13)
  2 slime creatures (D:13)
  A water moccasin (Lair:5)
  A black bear (shapeshifter) (D:13)
  An ogre (D:14)
  2 orcs (Orc:1)
13 creatures vanquished.

Vanquished Creatures (others)
  9 fungi
  14 plants
23 creatures vanquished.

Grand Total: 653 creatures vanquished

Notes
Turn   | Place    | Note
-------+----------+-------------------------------------------
     0 | D:1      | MirrMurr the Centaur Berserker began the quest for the Orb.
     0 | D:1      | Reached XP level 1. HP: 19/19 MP: 1/1
   221 | D:1      | Reached XP level 2. HP: 19/26 MP: 2/2
   669 | D:2      | Reached XP level 3. HP: 24/31 MP: 3/3
   699 | D:2      | Reached ** piety under Trog
  1152 | D:2      | Noticed Sigmund
  1165 | D:2      | Killed Sigmund
  1165 | D:2      | Reached skill level 5 in Polearms
  1165 | D:2      | Reached XP level 4. HP: 39/41 MP: 4/4
  1165 | D:2      | Reached XP level 5. HP: 44/47 MP: 5/5
  1345 | D:2      | Noticed Jessica
  1358 | D:2      | Killed Jessica
  1358 | D:2      | Reached XP level 6. HP: 32/53 MP: 6/6
  1665 | D:3      | Found a glowing drain.
  1680 | Sewer    | Entered a sewer
  1872 | Sewer    | Reached *** piety under Trog
  1891 | Sewer    | Reached skill level 5 in Fighting
  1898 | Sewer    | Reached XP level 7. HP: 53/61 MP: 7/7
  2420 | D:3      | Noticed MirrMurr's ghost (amateur CeBe)
  2433 | D:3      | Killed MirrMurr's ghost
  2433 | D:3      | Reached XP level 8. HP: 70/70 MP: 8/8
  3192 | D:4      | Reached **** piety under Trog
  3313 | D:4      | Noticed Menkaure
  3322 | D:4      | Killed Menkaure
  3631 | D:4      | Noticed Natasha
  3645 | D:4      | Killed Natasha
  3646 | D:4      | Noticed Eustachio
  3658 | D:4      | Killed Eustachio
  3889 | D:4      | Noticed Edmund
  3901 | D:4      | Killed Edmund
  4187 | D:4      | Noticed Natasha
  4195 | D:4      | Killed Natasha
  4224 | D:4      | Found a staircase to the Ecumenical Temple.
  4385 | D:4      | Noticed Natasha
  4389 | D:4      | Killed Natasha
  4451 | Temple   | Entered the Ecumenical Temple
  4467 | D:5      | Entered Level 5 of the Dungeon
  4499 | D:5      | Noticed a troll
  4514 | D:5      | Killed a troll
  4514 | D:5      | Reached skill level 1 in Bows
  4514 | D:5      | Reached XP level 9. HP: 51/79 MP: 9/9
  4530 | D:5      | Reached skill level 2 in Bows
  4561 | D:5      | Reached skill level 3 in Bows
  4684 | D:5      | Found a bloodstained altar of Trog.
  4863 | D:5      | Reached skill level 4 in Bows
  4865 | D:5      | Reached ***** piety under Trog
  5019 | D:5      | Found a shimmering altar of Xom.
  5459 | D:6      | Reached skill level 5 in Bows
  5722 | D:6      | Reached skill level 6 in Bows
  5724 | D:6      | Noticed Execuda's ghost (novice MiAK)
  5762 | D:6      | Killed Execuda's ghost
  5762 | D:6      | Received a gift from Trog
  5762 | D:6      | Reached skill level 7 in Bows
  6105 | D:6      | Reached skill level 10 in Polearms
  6212 | D:6      | Reached XP level 10. HP: 90/90 MP: 10/10
  6462 | D:7      | Reached skill level 8 in Bows
  7098 | D:7      | Received a gift from Trog
  7104 | D:7      | Got a shimmering executioner's axe {god gift}
  7198 | D:8      | Found a hazy altar of Hepliaklqana.
  7409 | D:8      | Noticed a two-headed ogre
  7459 | D:8      | Killed a two-headed ogre
  7459 | D:8      | Reached skill level 9 in Bows
  7536 | D:8      | Noticed a cyclops
  7563 | D:8      | Killed a cyclops
  7594 | D:8      | Reached skill level 10 in Bows
  7788 | D:8      | Noticed Execuda's ghost (novice MiMo)
  7864 | D:8      | Killed Execuda's ghost
  7997 | D:8      | Reached skill level 11 in Bows
  8078 | D:8      | Found an opulent altar of Gozag.
  8780 | D:9      | Reached XP level 11. HP: 84/97 MP: 11/11
  8903 | D:9      | Found a bloodstained altar of Trog.
  9135 | D:9      | Noticed Pikel
  9138 | D:9      | Killed Pikel
  9141 | D:9      | Noticed Erica
  9543 | D:9      | Reached skill level 10 in Fighting
  9543 | D:9      | Reached skill level 12 in Bows
  9857 | D:9      | Killed Erica
 10047 | D:10     | Entered Level 10 of the Dungeon
 10123 | D:10     | Found a staircase to the Orcish Mines.
 10218 | D:10     | Noticed an oklob plant
 10477 | D:10     | Found Bxzoc's Bounteous Boutique.
 10495 | D:10     | Bought a +0 bardiche for 135 gold pieces
 10495 | D:10     | Bought a scroll of brand weapon for 300 gold pieces
 10657 | D:10     | Found a staircase to the Lair.
 10856 | D:10     | Noticed Grum
 10859 | D:10     | Received a gift from Trog
 10908 | D:10     | Killed Grum
 10908 | D:10     | Reached skill level 13 in Bows
 11177 | D:10     | Bought a scroll of blinking for 112 gold pieces
 11252 | D:10     | Killed an oklob plant
 11472 | D:11     | Identified the +9 executioner's axe of Centaur's Death {freeze, rF+ Int+4} (Trog gifted it to you on level 7 of the Dungeon)
 11484 | D:11     | Noticed a two-headed ogre
 11491 | D:11     | Killed a two-headed ogre
 12087 | D:11     | Noticed a two-headed ogre
 12114 | D:11     | Killed a two-headed ogre
 12261 | D:11     | Received a gift from Trog
 12261 | D:11     | Reached skill level 14 in Bows
 12261 | D:11     | Reached XP level 12. HP: 102/108 MP: 10/12
 12340 | Lair:1   | Entered Level 1 of the Lair of Beasts
 12533 | Lair:1   | Got an ancient turquoise ring
 13151 | Lair:1   | Received a gift from Trog
 13402 | Lair:1   | Identified the ring of Zoehax {MP+9 Str+3} (You found it on level 1 of the Lair of Beasts)
 15463 | Lair:3   | Found a staircase to the Snake Pit.
 15560 | Lair:3   | Reached skill level 15 in Bows
 15597 | Lair:3   | Found a staircase to the Swamp.
 15702 | Lair:3   | Noticed ciphuk's ghost (journeyman KoHu)
 16041 | Lair:3   | Killed ciphuk's ghost
 16328 | Lair:3   | You fall through a shaft for 2 floors!
 16740 | Lair:3   | Got a bound tin ring
 16741 | Lair:3   | Identified the ring of Xom's Castigation {rElec rPois Str-5 Dex+3 Stlth+} (You found it on level 3 of the Lair of Beasts)
 16780 | Lair:3   | Reached XP level 13. HP: 118/118 MP: 13/13
 18096 | Lair:5   | Noticed Nessos
 18105 | Lair:5   | Killed Nessos
 18696 | Lair:5   | Reached skill level 16 in Bows
 19051 | Lair:6   | Entered Level 6 of the Lair of Beasts
 20171 | Lair:6   | Found a staircase to the Slime Pits.
 20172 | Lair:6   | Found a viscous altar of Jiyva.
 20227 | Lair:6   | Received a gift from Trog
 20285 | Lair:6   | Reached skill level 17 in Bows
 20669 | Lair:6   | Noticed Josephine
 20674 | Lair:6   | Killed Josephine
 21132 | Lair:6   | Noticed a fire dragon
 21135 | Lair:6   | Found a large runed door.
 21136 | Lair:6   | Found a large runed door.
 21640 | Lair:6   | Killed a fire dragon
 21640 | Lair:6   | Reached XP level 14. HP: 108/127 MP: 11/14
 21943 | D:12     | Noticed Psyche
 21947 | D:12     | Killed Psyche
 22002 | D:12     | Found Vaux Yti's Magic Scroll Emporium.
 22006 | D:12     | Bought a scroll of acquirement for 780 gold pieces
 22079 | D:10     | Bought a manual of Bows for 1656 gold pieces
 22147 | D:12     | Bought a scroll of fear for 52 gold pieces
 22147 | D:12     | Bought a scroll of fog for 30 gold pieces
 22147 | D:12     | Bought a scroll of teleportation for 45 gold pieces
 22147 | D:12     | Bought a scroll of immolation for 52 gold pieces
 22147 | D:12     | Bought a scroll of identify for 30 gold pieces
 22147 | D:12     | Bought a scroll of enchant weapon for 112 gold pieces
 22167 | D:12     | Reached skill level 18 in Bows
 22303 | D:12     | Received a gift from Trog
 23082 | D:13     | Reached skill level 19 in Bows
 23192 | D:13     | Noticed Maurice
 23194 | D:13     | Killed Maurice
 23926 | D:14     | Found a burning altar of Makhleb.
 23947 | D:14     | Received a gift from Trog
 24337 | D:14     | Noticed Snorg
 24342 | D:14     | Killed Snorg
 24342 | D:14     | Reached skill level 5 in Dodging
 24423 | D:14     | Reached skill level 20 in Bows
 25166 | D:14     | Found a gate to the Vaults.
 25205 | D:14     | Received a gift from Trog
 25355 | D:15     | Entered Level 15 of the Dungeon
 25780 | D:15     | Found a staircase to the Depths.
 25781 | D:15     | Noticed a fire giant
 26150 | D:15     | Killed a fire giant
 26316 | D:15     | Received a gift from Trog
 26323 | D:15     | Got a crude longbow {god gift}
 26350 | D:15     | Identified the +5 longbow of the Pyrrhic Victory {freeze, rC++ Dex+3} (Trog gifted it to you on level 15 of the Dungeon)
 26598 | D:15     | Found a deep blue altar of Sif Muna.
 26643 | D:15     | Found Qoomod's Assorted Antiques.
 26648 | D:15     | Bought a scroll labeled IRHUPPASEU for 32 gold pieces
 26648 | D:15     | Bought a scroll of fog for 64 gold pieces
 26648 | D:15     | Bought a scroll of identify for 64 gold pieces
 26648 | D:15     | Bought 3 scrolls of teleportation for 288 gold pieces
 26648 | D:15     | Bought 2 potions of curing for 192 gold pieces
 26869 | Orc:1    | Entered Level 1 of the Orcish Mines
 26980 | Orc:2    | Entered Level 2 of the Orcish Mines
 27105 | Orc:2    | Reached XP level 15. HP: 121/134 MP: 13/15
 27268 | Orc:1    | HP: 10/201 [troll (4)]
 27270 | Orc:1    | HP: 2/201 [orc/hand axe[an orc knight] (3)]
 27270 | Orc:1    | Slain by a troll

Vault maps used:
D:1:      dpeg_arrival_pits, lemuel_another_geyser
D:2:      uniq_sigmund, uniq_jessica
D:3:      lightli_sewer_entry_pipes, item_on_display_a
D:4:      temple_green, uniq_natasha, uniq_menkaure, uniq_edmund, uniq_eustachio
D:5:      tgw_xom, first_ration, trog_butcher_becter
D:8:      cheibrodos_fzero, grunt_gozag_statues, overflow_temple_1_default,
          grunt_ogre_cave
D:9:      trog_ov_bears_minmay, patterned_corridor, uniq_erica, uniq_pikel
D:10:     dpeg_oklobed_lair, nicolae_alphabet_shops, uniq_grum
D:12:     serial_shops, shop, uniq_psyche
D:13:     minmay_glassy_protrusions, uniq_maurice
D:14:     hangedman_vaults_entry_quadrant_bands, serial_bayou_pond_b,
          minmay_misc_feat_diagonals, spider_trap, minmay_crystal_water,
          lemuel_hellish_altar, uniq_snorg
D:15:     grunt_enter_depths_giant_problem, serial_glass, glass_columns_c,
          glass_columns_a, lemuel_blue_sif_altar, serial_shops,
          nicolae_shop_trees
Temple:   dpeg_five_rooms_temple
Lair:1:   serial_bayou_shore_b, serial_bayou_shore_b, grunt_megastairs_5,
          infiniplex_staircase_pool
Lair:2:   minmay_lair_venomous_thicket, minmay_lair_oklob_chamber,
          serial_bayou_shore_a
Lair:3:   minmay_swamp_entry_worms, minmay_snake_entry_guardpost_small,
          serial_bayou_pond_e
Lair:4:   serial_bayou_shore_b
Lair:5:   lemuel_fruit_tree, infiniplex_staircase_pool_2, uniq_nessos
Lair:6:   cheibrodos_lair_end_hotspot, slime_altar_1, uniq_josephine
Orc:2:    st_orc_town, uniq_saint_roka
Sewer:    kennysheep_pipe_town

Skill      XL: |  1  2  3  4  5  6  7  8  9 10 11 12 13 14 |
---------------+-------------------------------------------+-----
Polearms       | 3 5 6 7 9 10 11 12 13 14 | 14.4
Fighting       | 4 5 6 7 8 9 10 12 | 12.3
Bows           | 1 7 11 14 15 17 20 | 20.7
Dodging        | 4 6 |  6.4
Armour         | |  1.3

Action                   |  1- 3 |  4- 6 |  7- 9 | 10-12 | 13-15 || total
-------------------------+-------+-------+-------+-------+-------++-------
Melee: Spear             |   120 |       |       |       |       ||   120
       Kick              |    16 |    31 |   104 |    18 |    16 ||   185
       Trident           |       |   151 |   393 |       |       ||   544
       Halberd           |       |       |       |    12 |       ||    12
       Bardiche          |       |       |       |    42 |    61 ||   103
 Fire: Shortbow          |       |       |   124 |   702 |       ||   826
       Longbow           |       |       |       |   164 |   761 ||   925
Invok: Berserk           |     1 |     1 |     6 |     2 |     2 ||    12
       Trog's Hand       |       |       |     1 |     6 |    10 ||    17
       Brothers in Arms  |       |       |       |       |     4 ||     4
  Use: Scroll            |     3 |     6 |    11 |    20 |    10 ||    50
       Potion            |       |       |       |     1 |     5 ||     6
 Stab: Invisible         |       |       |       |       |     1 ||     1
       Distracted        |       |       |       |       |     1 ||     1
  Eat: Chunk             |       |     4 |    11 |    27 |    17 ||    59
       Ration            |       |       |     2 |     1 |     4 ||     7
Armor: Animal skin       |    27 |    11 |       |       |       ||    38
       Chain mail        |       |    63 |   199 |    72 |   203 ||   537
Dodge: Dodged            |    38 |    49 |    93 |    79 |    78 ||   337

Table legend:
 A = Spawn XP
 B = Non-spawn XP
 C = Spawn XP percentage of total XP
 D = Spawn monster count
 E = Non-spawn monster count
 F = Spawn count percentage of total count
 G = Total turns spent on level
                    A         B        C        D         E        F      G
               +---------+---------+-------+---------+---------+-------+---------
         Total |       0 |  103710 |   0.0 |       0 |     621 |   0.0 | 27270
               +---------+---------+-------+---------+---------+-------+---------
           D:1 |       0 |      39 |   0.0 |       0 |      19 |   0.0 |   927
           D:2 |       0 |     355 |   0.0 |       0 |      21 |   0.0 |   488
           D:3 |       0 |     475 |   0.0 |       0 |      46 |   0.0 |  1019
           D:4 |       0 |     909 |   0.0 |       0 |      23 |   0.0 |  1327
           D:5 |       0 |    1028 |   0.0 |       0 |      24 |   0.0 |   806
           D:6 |       0 |    1936 |   0.0 |       0 |      34 |   0.0 |  1036
           D:7 |       0 |    1163 |   0.0 |       0 |      25 |   0.0 |   798
           D:8 |       0 |    3847 |   0.0 |       0 |      27 |   0.0 |  1458
           D:9 |       0 |    4350 |   0.0 |       0 |      34 |   0.0 |  1500
          D:10 |       0 |    3766 |   0.0 |       0 |      26 |   0.0 |  1660
          D:11 |       0 |    3878 |   0.0 |       0 |      12 |   0.0 |   977
          D:12 |       0 |    2193 |   0.0 |       0 |      13 |   0.0 |   837
          D:13 |       0 |   10327 |   0.0 |       0 |      47 |   0.0 |  1035
          D:14 |       0 |   12540 |   0.0 |       0 |      50 |   0.0 |  1795
          D:15 |       0 |   12001 |   0.0 |       0 |      29 |   0.0 |  1119
        Lair:1 |       0 |    4895 |   0.0 |       0 |      18 |   0.0 |  1335
        Lair:2 |       0 |    3681 |   0.0 |       0 |      20 |   0.0 |  1896
        Lair:3 |       0 |    5436 |   0.0 |       0 |      18 |   0.0 |  1461
        Lair:4 |       0 |    2178 |   0.0 |       0 |      13 |   0.0 |   883
        Lair:5 |       0 |    6120 |   0.0 |       0 |      17 |   0.0 |  1932
        Lair:6 |       0 |   20194 |   0.0 |       0 |      61 |   0.0 |  1857
         Orc:1 |       0 |     761 |   0.0 |       0 |      13 |   0.0 |   130
         Orc:2 |       0 |     825 |   0.0 |       0 |       7 |   0.0 |   271
         Sewer |       0 |     813 |   0.0 |       0 |      24 |   0.0 |   721
               +---------+---------+-------+---------+---------+-------+---------
